Map: [ESL] Ancient Cistern

Players

Elazer

  • Race: Zerg Zerg
  • Spawn Location: 7:00

Bly - Winner!

  • Race: Zerg Zerg
  • Spawn Location: 1:00

Event: ESL SC2 Masters 2023 Summer (Regionals)

VOD

Have the link to the VOD?

Description

Time

  • Played on: May 17, 2023, 1:32 p.m.
  • Length: 4:09

All games in this series

Show
View Real Time Build Order
Export as new Build Order

Elazer Zerg 

Build Orders: Hatch First 

Get SALT Encoding   

  12  0:00  Drone  
  13  0:11  Overlord  
  13  0:16  Drone  
  14  0:30  Drone x2  
  16  0:47  Hatchery  
  15  0:50  Drone  
  15  0:54  Drone  
  18  0:57  Drone  
  18  1:07  Extractor  
  17  1:12  Spawning Pool  
  17  1:16  Drone  
  17  1:18  Drone  
  18  1:27  Drone  
  19  1:38  Drone  
  20  1:50  Drone  
  21  1:54  Evolution Chamber  
  21  1:57  Evolution Chamber x2  
  21  1:58  Evolution Chamber  
  21  2:01  Zergling x2  
  19  2:02  Queen, Evolution Chamber  
  19  2:06  Spine Crawler  
  19  2:07  Spine Crawler  
  21  2:16  Spine Crawler, Zergling x2  
  21  2:22  Zergling x2  
  22  2:36  Zergling x2  
  21  2:47  Zergling x2  
  19  3:00  Zergling x2  
  18  3:11  Zergling x2  
  16  3:18  Zergling x2  
  16  3:52  Spine Crawler  
Show
View Real Time Build Order
Export as new Build Order

Bly Zerg - Winner!

Build Orders: Pool Only 

Get SALT Encoding   

  12  0:17  Spawning Pool  
  11  0:21  Drone  
  11  0:25  Drone  
  13  0:30  Drone  
  14  0:41  Overlord  
  14  1:04  Zergling x4  
  16  1:05  Zergling x2  
  17  1:16  Zergling x2  
  18  1:26  Zergling x2  
  19  1:37  Zergling x2  
  20  2:06  Spine Crawler  
  20  2:07  Spine Crawler x2  
  17  2:34  Spine Crawler  
  9  3:10  Zergling x4  
  9  3:11  Zergling x2  
  11  3:25  Zergling x2  
  12  3:42  Zergling x2  
Tags
 
Add a new tag
Caveats
  • Supply blocks, unpowered buildings, or Contaminate may cause inaccurate times.
  • Supply counts are checked every 10 seconds.